 Dungeon Crawl Stone Soup version 0.25.1-2-g60ff931df9 (webtiles) character file.

Game seed: 5769309194667967210

374708 Morgon the Severer (level 21, -1/201 HPs)
             Began as a Minotaur Gladiator on Nov 20, 2020.
             Was the Champion of Nemelex Xobeh.
             Killed from afar by a fire giant (35 damage)
             ... with a fireball
             ... on level 5 of the Vaults on Nov 21, 2020.
             The game lasted 05:42:27 (56110 turns).

Morgon the Severer (Minotaur Gladiator)            Turns: 56110, Time: 05:42:28

Health: -1/201     AC: 27    Str: 25    XL:     21   Next: 77%
Magic:  33/33      EV: 27    Int:  5    God:    Nemelex Xobeh [******]
Gold:   3814       SH:  0    Dex: 22    Spells: 17/20 levels left

rFire    . . .     SeeInvis +   v - +5 battleaxe (vamp)
rCold    . . .     Gourm    .   (shield currently unavailable)
rNeg     . . .     Faith    .   B - +3 storm dragon scales {Bai Suzhen}
rPois    .         Spirit   .   H - +1 hat {SInv}
rElec    +         Reflect  .   C - +0 cloak
rCorr    .         Harm     .   G - +0 pair of gloves
MR       +....                  R - +2 pair of boots {run}
Stlth    ..........             f - amulet of regeneration
HPRegen  0.83/turn              E - +4 ring of evasion
MPRegen  0.23/turn              X - +6 ring of dexterity

@: about to teleport, very slightly contaminated, quick
A: retaliatory headbutt, horns 2
}: 2/15 runes: decaying, gossamer
a: Draw Escape, Draw Destruction, Draw Summoning, Triple Draw, Deal Four, Stack
Five, Renounce Religion


You were on level 5 of the Vaults.
You worshipped Nemelex Xobeh.
Nemelex Xobeh was exalted by your worship.
You were not hungry.

You visited 9 branches of the dungeon, and saw 40 of its levels.
You also visited: Ossuary and Ice Cave.

You collected 4461 gold pieces.
You spent 647 gold pieces at shops.

Inventory:

Hand Weapons
 b - the +7 battleaxe of Ratitz {venom, MR++}
   (You bought it in a shop on level 2 of the Orcish Mines)

   It poisons the flesh of those it strikes.
   It affects your resistance to hostile enchantments.
 v - a +5 vampiric battleaxe (weapon)
 x - a +2 longbow of freezing
Missiles
 N - 2 throwing nets (quivered)
 W - 1352 arrows
Armour
 B - +3 storm dragon scales (worn) {Bai Suzhen}
 C - a +0 cloak (worn)
 G - a +0 pair of gloves (worn)
 H - a +1 hat of see invisible (worn)
 R - a +2 pair of boots of running (worn)
Jewellery
 f - an amulet of regeneration (around neck)
 q - a +6 ring of dexterity
 E - a +4 ring of evasion (left hand)
 K - an uncursed amulet of guardian spirit
 L - an uncursed ring of positive energy
 X - a +6 ring of dexterity (right hand)
 Y - the ring of Yloa {Fire +Blink MR++ Str+4}
   (You found it in an ice cave)

   [ring of fire]

   It enhances your fire magic.
   It affects your strength (+4).
   It protects you from fire.
   It makes you vulnerable to cold.
   It affects your resistance to hostile enchantments.
   It lets you blink.
Wands
 c - a wand of acid (12)
 h - a wand of iceblast (21)
 k - a wand of clouds (13)
 p - a wand of polymorph (7)
 z - a wand of digging (12)
 T - a wand of disintegration (17)
Scrolls
 e - 2 scrolls of silence
 g - 2 scrolls of enchant armour
 i - 13 scrolls of identify
 l - 14 scrolls of remove curse
 t - 9 scrolls of teleportation
 I - 4 scrolls of magic mapping
 O - 4 scrolls of fog
 P - 7 scrolls of fear
Potions
 d - 5 potions of might
 j - 6 potions of mutation
 n - 8 potions of flight
 o - 4 potions of lignification
 s - a potion of brilliance
 u - 8 potions of curing
 w - 5 potions of heal wounds
 A - a potion of cancellation
 J - 3 potions of resistance
 M - 8 potions of haste
 Q - 9 potions of ambrosia
Miscellaneous
 m - a phantom mirror
Comestibles
 r - 50 rations


   Skills:
 - Level 20.0 Fighting
 - Level 20.0 Axes
 - Level 13.0 Bows
 - Level 2.0 Throwing
 - Level 15.0 Armour
 - Level 18.0 Dodging
 + Level 19.8 Invocations


You had 17 spell levels left.
You knew the following spells:

 Your Spells              Type           Power        Failure   Level  Hunger
a - Apportation           Tloc           #.....       91%         1    ##.....
b - Blink                 Tloc           N/A          97%         2    ###....

Your spell library contained the following spells:

 Spells                   Type           Power        Failure   Level  Hunger
 Animate Skeleton         Necr           N/A          91%         1    ##.....
 Corona                   Hex            #......      91%         1    ##.....
 Foxfire                  Conj/Fire      #...         91%         1    ##.....
 Freeze                   Ice            #...         91%         1    ##.....
 Magic Dart               Conj           #...         91%         1    ##.....
 Shock                    Conj/Air       #...         91%         1    ##.....
 Summon Butterflies       Summ           #.......     91%         1    ##.....
 Summon Small Mammal      Summ           #...         91%         1    ##.....
 Call Imp                 Summ           #.......     97%         2    ###....
 Poisonous Vapours        Pois/Air       #.....       97%         2    ###....
 Slow                     Hex            #.......     97%         2    ###....
 Swiftness                Chrm/Air       #.......     97%         2    ###....
 Call Canine Familiar     Summ           #.......     99%         3    ####...
 Confusing Touch          Hex            #.......     99%         3    ####...
 Conjure Flame            Conj/Fire      #.......     99%         3    ####...
 Frozen Ramparts          Ice            #.....       99%         3    ####...
 Gell's Gravitas          Tloc           #.........   99%         3    ####...
 Ignite Poison            Fire/Tmut/Pois #.......     99%         3    ####...
 Inner Flame              Hex/Fire       #.......     99%         3    ####...
 Lesser Beckoning         Tloc           #.........   99%         3    ####...
 Mephitic Cloud           Conj/Pois/Air  #.......     99%         3    ####...
 Ozocubu's Armour         Chrm/Ice       #.......     99%         3    ####...
 Portal Projectile        Hex/Tloc       #.....       99%         3    ####...
 Recall                   Summ/Tloc      N/A          99%         3    ####...
 Static Discharge         Conj/Air       #.......     99%         3    ####...
 Summon Guardian Golem    Hex/Summ       #.......     99%         3    ####...
 Tukima's Dance           Hex            #.......     99%         3    ####...
 Airstrike                Air            #.........   100%        4    #####..
 Animate Dead             Necr           N/A          100%        4    #####..
 Cause Fear               Hex            #.........   100%        4    #####..
 Hailstorm                Conj/Ice       #.......     100%        4    #####..
 Ice Form                 Ice/Tmut       #.......     100%        4    #####..
 Leda's Liquefaction      Hex/Erth       #.........   100%        4    #####..
 Petrify                  Tmut/Erth      #.......     100%        4    #####..
 Sticky Flame             Conj/Fire      #.......     100%        4    #####..
 Summon Ice Beast         Ice/Summ       #.......     100%        4    #####..
 Summon Lightning Spire   Summ/Air       #.......     100%        4    #####..
 Alistair's Intoxication  Tmut/Pois      #.......     100%        5    ######.
 Borgnjor's Vile Clutch   Necr/Erth      #.........   100%        5    ######.
 Fireball                 Conj/Fire      #.........   100%        5    ######.
 Irradiate                Conj/Tmut      #.........   100%        5    ######.
 Lightning Bolt           Conj/Air       #.........   100%        5    ######.
 Metabolic Englaciation   Hex/Ice        #.........   100%        5    ######.
 Yara's Violent Unravell  Hex/Tmut       #.........   100%        5    ######.
 Death Channel            Necr           #.........   100%        6    #######
 Freezing Cloud           Conj/Ice/Air   #.........   100%        6    #######
 Hydra Form               Tmut           #.........   100%        6    #######
 Invisibility             Hex            #.......     100%        6    #######
 Ozocubu's Refrigeration  Ice            #.........   100%        6    #######
 Simulacrum               Ice/Necr       #.........   100%        6    #######
 Starburst                Conj/Fire      #.........   100%        6    #######
 Statue Form              Tmut/Erth      #........    100%        6    #######
 Dragon Form              Tmut           #.........   100%        7    #######
 Ring of Flames           Chrm/Fire      #.........   100%        7    #######
 Ignition                 Fire           #.........   100%        8    #######
 Dragon's Call            Summ           #.........   100%        9    #######


Dungeon Overview and Level Annotations

Branches:
Dungeon (15/15)            Temple (1/1) D:4            Lair (6/6) D:10
  Swamp (4/4) Lair:3       Spider (4/4) Lair:2        Slime (0/5) Lair:6
    Orc (2/2) D:12            Elf (2/3) Orc:2        Vaults (5/5) D:14
  Crypt (0/3) Vaults:2     Depths (1/5) D:15        Ossuary (visited)
  IceCv (visited)

Altars:
Ashenzari
Cheibriados
Dithmenos
Elyvilon
Fedhas
Gozag
Hepliaklqana
Kikubaaqudgha
Makhleb
Nemelex Xobeh
Okawaru
Qazlal
Ru
Sif Muna
Trog
Uskayaw
Vehumet
Wu Jian
Xom
Yredelemnul
Zin
The Shining One
Beogh
Jiyva

Shops:
D:6 (   D:12 ?   Orc:1 %   Orc:2 (!(:[   Elf:1 %   Vaults:1 }

Portals:
Ziggurat: Depths:1

Annotations:
D:9 2 transporters, Morgon's ghost, novice OgHu
Lair:5 1 runed translucent door, Riymurr's ghost, journeyman MfMo
Lair:6 1 runed translucent door


Innate Abilities, Weirdness & Mutations

You reflexively headbutt those who attack you in melee.
You have a pair of horns on your head.


Message History

Press: ? - help, Dir - move target cursor You are very lightly contaminated with residual magic.
As you read the scroll of blinking, it crumbles to dust.
An ironheart preserver comes into view. It is wielding a +0 dire flail.
The ironheart preserver shouts!
The ironheart preserver drinks a potion.
The ironheart preserver seems to speed up.
A two-headed ogre comes into view.
It is wielding a +0 great mace and a +0 giant spiked club.
The two-headed ogre shouts in stereo!
An ogre comes into view. It is wielding a +0 giant club.
As you read the scroll of teleportation, it crumbles to dust.
You feel strangely unstable.
A vault warden comes into view.
It is wielding a +1 battleaxe of freezing.
The ironheart preserver hits you with a +0 dire flail.
* * * LOW HITPOINT WARNING * * *
You feel much better.
The fire giant gestures at you while chanting.
The fireball explodes!
The fireball engulfs you!!
You die...
Your body glows with a rainbow of weird colours and disappears.

################################
#.......................)..รท....
#...).......)...........)..)....
#....#######################....
#........O....p@..)CCp....O.....
#..#.........O#####..C).(pC..#.(
#..#..........#...#..))().p..#..
#..#..#####p..#...#.))#####..#..
#..#..# #...#.X9#..)# #..#..
#..#..# +...##X##...#H..'..#(.
#..#..# #...........#pC.#..#..
#..#..# #......C....#####..#..
#..#.. .....##'##..........#..


You could see an ironheart preserver (fast), a fire giant, a stone giant, a
vault warden, an ettin, a two-headed ogre, an ironbrand convoker and an ogre.

Vanquished Creatures
  Bai Suzhen (Vaults:2)
  Arachne (Spider:2)
  A bone dragon (Swamp:4)
  2 tentacled monstrosities (Vaults:5)
  A deep elf blademaster (Elf:2)
  Gastronok (Lair:3)
  Frances (Swamp:1)
  2 thorn hunters
  2 sphinxes
  A shadow dragon (Vaults:5)
  3 storm dragons
  2 tengu reavers (Vaults:5)
  2 fire giants
  3 frost giants
  17 vault wardens
  2 deep elf sorcerers
  A ghoul (Vaults:3)
  4 ghost moths (Spider:4)
  2 emperor scorpions
  2 deep elf elementalists (Elf:1)
  3 war gargoyles (Vaults:5)
  7 ironheart preservers
  5 stone giants
  5 very ugly things (Vaults:4)
  5 entropy weavers
  A deep elf demonologist (Vaults:3)
  Nessos (Lair:4)
  4 spark wasps
  A deep elf annihilator (Elf:1)
  2 deep elf death magi
  3 yaktaur captains
  4 fire dragons
  2 ettins
  10 hydras
  A deep elf high priest (Elf:1)
  A great orb of eyes (Vaults:2)
  Fannar (Lair:1)
  2 rakshasas
  The ghost of howech the Fencer, a journeyman MiFi of Trog (Lair:1)
  28 vault guards
  5 ice dragons
  A shambling mangrove (Swamp:1)
  A merfolk avatar (Lair:6)
  Erica (Lair:1)
  4 ghost crabs
  2 catoblepae
  9 centaur warriors
  36 two-headed ogres
  12 ogre magi
  13 alligators
  A deep troll shaman (Vaults:2)
  3 death knights
  3 death yaks (IceCv)
  2 deep troll earth magi (Vaults:4)
  2 orc high priests (Elf:1)
  22 dancing weapons
  17 deep elf knights
  A skeletal warrior (Vaults:3)
  Nergalle (D:10)
  2 sea snakes (Lair:6)
  3 spriggan druids (Swamp:4)
  6 deep trolls
  3 unseen horrors
  2 flayed ghosts
  3 swamp dragons
  A spectral hydra (Swamp:4)
  3 glowing orange brains
  3 necromancers
  21 orc knights
  14 ironbrand convokers
  21 deep elf archers
  2 phantasmal warriors
  6 wizards
  7 harpies
  A wolf spider zombie (D:15)
  64 deep elf magi
  17 orb spiders
  38 wolf spiders
  30 ugly things
  4 elephants (Lair:6)
  A moth of wrath (Spider:3)
  2 orc sorcerers (Vaults:2)
  6 cyclopes
  A manticore (D:13)
  6 black mambas
  A fire giant skeleton (Vaults:1)
  An ice statue (IceCv)
  A storm dragon simulacrum (Vaults:2)
  A torpor snail (Spider:2)
  12 vault sentinels
  8 komodo dragons
  Maggie (D:8)
  25 spiny frogs
  6 freezing wraiths
  12 rime drakes
  11 demonic crawlers
  46 yaktaurs
  2 swamp worm zombies (Swamp:4)
  A tengu conjurer (D:10)
  A yaktaur skeleton (Vaults:1)
  7 trolls
  4 hydra zombies (Swamp:4)
  3 meliai (Spider:4)
  A meliai (shapeshifter) (Vaults:4)
  A jumping spider (shapeshifter) (D:15)
  A queen bee (Spider:4)
  34 jumping spiders
  15 polar bears
  9 bog bodies
  12 hippogriffs
  17 tyrant leeches
  17 hornets
  Prince Ribbit (D:6)
  17 blink frogs
  42 slime creatures
  4 spectral swamp dragons (Swamp:4)
  7 dream sheep (Lair:4)
  3 alligator zombies (Swamp:4)
  3 shadows
  3 air elementals
  2 vampires
  A stone giant simulacrum (Vaults:1)
  A tarantella (shapeshifter) (Vaults:2)
  54 yaks
  A centaur simulacrum (D:15)
  69 redbacks
  5 spriggans
  6 wraiths
  5 wyverns
  A water elemental (Elf:2)
  2 hogs (shapeshifter) (Vaults:1)
  35 tarantellas
  3 basilisks
  A golden eye (shapeshifter) (Vaults:1)
  2 hungry ghosts
  2 fire elementals
  Grum (Lair:1)
  22 vampire mosquitoes
  10 wargs
  22 swamp worms
  10 insubstantial wisps
  2 acid dragons
  15 water moccasins
  9 porcupines
  57 orc warriors
  8 sky beasts
  5 swamp drakes
  A black bear (D:7)
  2 ice beasts
  A hornet zombie (D:14)
  3 swamp dragon zombies (Swamp:4)
  2 eyes of draining (D:12)
  5 boggarts
  34 ogres
  7 phantoms
  33 wolves
  16 centaurs
  18 crocodiles
  5 elf zombies
  15 bullfrogs
  A big kobold (D:12)
  2 yaktaur zombies
  A gnoll sergeant (D:6)
  2 earth elementals (Elf:2)
  2 elf skeletons (D:7)
  2 spiny frog simulacra (Lair:1)
  A wyvern zombie (D:11)
  3 scorpions
  A wyvern skeleton (D:8)
  4 wights (D:13)
  31 killer bees
  A howler monkey (D:5)
  2 human simulacra
  2 lava snakes (Lair:2)
  8 crimson imps
  2 bullfrog zombies
  7 centaur zombies
  6 hounds
  3 jellies
  3 centaur skeletons
  21 orc priests
  A bullfrog skeleton (D:6)
  6 iguanas
  3 human skeletons
  2 water moccasin simulacra (Lair:1)
  25 orc wizards
  3 spectral swamp drakes (Swamp:4)
  9 worker ants
  2 hound zombies (Ossuary)
  3 mummies (Ossuary)
  A howler monkey zombie (D:8)
  A worker ant zombie (D:11)
  10 adders
  9 gnolls
  A howler monkey skeleton (D:5)
  3 shadow imps
  An ooze (D:7)
  4 adder zombies
  5 worms
  2 dart slugs
  2 leopard geckos
  135 orcs
  5 bats
  5 giant cockroaches
  5 goblins
  8 hobgoblins
  18 jackals
  15 kobolds
  6 quokkas
  2 ball pythons
  2 frilled lizards (D:1)
  2 gnoll zombies (Ossuary)
  3 goblin zombies (Ossuary)
  3 hobgoblin zombies (Ossuary)
  4 jackal zombies (Ossuary)
  3 kobold zombies (Ossuary)
  2 orc skeletons (D:7)
  5 quokka zombies (Ossuary)
  9 rats
  4 rat zombies (Ossuary)
  A briar patch (Swamp:3)
  A fire vortex (Lair:2)
  9 fungi
  10 plants
1819 creatures vanquished.

Vanquished Creatures (collateral kills)
  Urug (Lair:1)
  A hornet (D:11)
  A yak (IceCv)
  A black mamba simulacrum (Lair:1)
4 creatures vanquished.

Vanquished Creatures (others)
  A wizard (Vaults:3)
  A phantasmal warrior (Swamp:4)
  An ironbrand convoker (Vaults:2)
  2 deep elf magi
  A redback (Spider:2)
  A fire elemental (Elf:1)
  2 briar patches (Swamp:3)
  15 fungi (Lair:6)
  22 plants
46 creatures vanquished.

Grand Total: 1869 creatures vanquished

Notes
Turn   | Place    | Note
-------+----------+-------------------------------------------
     0 | D:1      | Morgon the Minotaur Gladiator began the quest for the Orb.
     0 | D:1      | Reached XP level 1. HP: 18/18 MP: 0/0
    67 | D:1      | Reached XP level 2. HP: 22/25 MP: 1/1
   790 | D:2      | Found a shattered altar of Ashenzari.
  1016 | D:2      | Reached XP level 3. HP: 30/30 MP: 2/2
  1186 | D:2      | Reached skill level 1 in Armour
  1575 | D:2      | Reached XP level 4. HP: 34/37 MP: 3/3
  2630 | D:4      | Reached skill level 5 in Axes
  2638 | D:4      | Found a hazy altar of Hepliaklqana.
  2735 | D:4      | Reached XP level 5. HP: 7/45 MP: 4/4
  3359 | D:4      | Noticed an ogre
  3369 | D:4      | Killed an ogre
  3369 | D:4      | Reached XP level 6. HP: 21/51 MP: 5/5
  3560 | D:4      | Found a hide-covered altar of Uskayaw.
  3560 | D:4      | Noticed a +0 hand axe
  3604 | D:4      | Noticed a +0 dagger
  3632 | D:4      | Found a staircase to the Ecumenical Temple.
  3648 | Temple   | Entered the Ecumenical Temple
  3782 | D:4      | Found an ornate altar of the Wu Jian Council.
  4156 | D:5      | Entered Level 5 of the Dungeon
  4162 | D:5      | Found a radiant altar of Vehumet.
  4207 | D:5      | Noticed a sky beast
  4249 | D:5      | Killed a sky beast
  4249 | D:5      | Reached XP level 7. HP: 26/59 MP: 6/6
  4368 | D:5      | Reached skill level 5 in Armour
  4502 | D:5      | Found a burning altar of Makhleb.
  4504 | D:5      | Found a snail-covered altar of Cheibriados.
  4752 | D:5      | Found a sparkling altar of Nemelex Xobeh.
  4759 | D:5      | Became a worshipper of Nemelex Xobeh the Trickster
  4993 | D:6      | Received a gift from Nemelex Xobeh
  5031 | D:6      | Found Havvyibb's Weapon Emporium.
  5044 | D:6      | Found a basalt altar of Yredelemnul.
  5355 | D:6      | Reached XP level 8. HP: 57/66 MP: 7/7
  5764 | D:6      | Reached skill level 10 in Axes
  5955 | D:6      | Noticed Prince Ribbit
  5969 | D:6      | Reached skill level 5 in Dodging
  6182 | D:6      | Killed Prince Ribbit
  6375 | D:6      | Reached * piety under Nemelex Xobeh
  6510 | D:6      | Found a stormy altar of Qazlal.
  6518 | D:6      | Received a gift from Nemelex Xobeh
  6807 | D:7      | Found a sand-covered staircase.
  6814 | D:7      | Reached XP level 9. HP: 70/71 MP: 8/8
  6818 | Ossuary  | Entered an ossuary
  7562 | D:7      | Received a gift from Nemelex Xobeh
  7575 | D:7      | Found a shadowy altar of Dithmenos.
  7736 | D:7      | Reached ** piety under Nemelex Xobeh
  8263 | D:8      | Noticed Maggie
  8273 | D:8      | Killed Maggie
  8706 | D:9      | Noticed a queen bee
  8706 | D:9      | Noticed Morgon's ghost (novice OgHu)
  8727 | D:9      | Noticed a meliai
  8754 | D:9      | Found a transporter.
  8758 | D:9      | Found a transporter.
  8764 | D:9      | Received a gift from Nemelex Xobeh
  8898 | D:9      | Noticed a two-headed ogre
  8933 | D:9      | Killed a two-headed ogre
  8933 | D:9      | Reached skill level 15 in Axes
  8933 | D:9      | Reached XP level 10. HP: 24/78 MP: 3/9
  9501 | D:9      | Noticed a moth of wrath
  9504 | D:9      | Found a bloodstained altar of Trog.
  9764 | D:9      | Learned a level 1 spell: Apportation
  9829 | D:10     | Entered Level 10 of the Dungeon
  9857 | D:10     | Reached *** piety under Nemelex Xobeh
  9857 | D:10     | Received a gift from Nemelex Xobeh
 10697 | D:10     | Noticed Nergalle
 10714 | D:10     | Killed Nergalle
 10714 | D:10     | Reached skill level 5 in Fighting
 10714 | D:10     | Reached XP level 11. HP: 45/88 MP: 5/10
 11111 | D:10     | Found a staircase to the Lair.
 11435 | D:11     | Received a gift from Nemelex Xobeh
 11450 | D:11     | Reached skill level 10 in Armour
 11618 | D:11     | Paralysed by a hornet for 3 turns
 11629 | D:11     | Reached skill level 1 in Invocations
 11994 | D:11     | Noticed a seven-headed hydra
 12164 | D:6      | Bought the cursed +3 war axe of Defilement {flame, *Slow
                  | MR++} for 337 gold pieces
 12297 | Lair:1   | Entered Level 1 of the Lair of Beasts
 12308 | Lair:1   | Noticed Urug
 12582 | Lair:1   | Killed Urug
 13072 | Lair:1   | Noticed Fannar
 13109 | Lair:1   | Killed Fannar
 13176 | Lair:1   | Noticed Grum
 13185 | Lair:1   | Killed Grum
 13349 | Lair:1   | Reached **** piety under Nemelex Xobeh
 13360 | Lair:1   | Received a gift from Nemelex Xobeh
 13361 | Lair:1   | Noticed Erica
 13371 | Lair:1   | Killed Erica
 13950 | Lair:1   | Noticed howech's ghost (journeyman MiFi)
 13960 | Lair:1   | Found a runed translucent gate.
 13960 | Lair:1   | Found a runed translucent gate.
 13960 | Lair:1   | Found a runed translucent gate.
 14320 | D:11     | Killed a one-headed hydra
 14480 | D:11     | Noticed a two-headed ogre
 14495 | D:11     | Killed a two-headed ogre
 14518 | D:11     | Reached XP level 12. HP: 85/96 MP: 9/12
 14847 | D:11     | Noticed a two-headed ogre
 14866 | D:11     | Killed a two-headed ogre
 15133 | D:11     | Got a fading whip
 15301 | D:12     | Received a gift from Nemelex Xobeh
 15816 | D:12     | Found a staircase to the Orcish Mines.
 16366 | D:12     | Found Dimiz's Magic Scroll Boutique.
 16787 | Lair:1   | Killed howech's ghost
 17063 | Lair:2   | Reached ***** piety under Nemelex Xobeh
 17099 | Lair:2   | Received a gift from Nemelex Xobeh
 17157 | Lair:2   | Found a hole to the Spider Nest.
 17704 | Lair:2   | You fall into a shaft and drop 2 floors!
 17798 | Lair:4   | Reached skill level 10 in Fighting
 17849 | Lair:3   | Received a gift from Nemelex Xobeh
 17853 | Lair:3   | Reached XP level 13. HP: 95/113 MP: 14/14
 17873 | Lair:3   | Noticed Gastronok
 18081 | Lair:3   | Killed Gastronok
 18081 | Lair:3   | Reached skill level 5 in Invocations
 18317 | Lair:3   | Received a gift from Nemelex Xobeh
 18516 | Lair:3   | Found a staircase to the Swamp.
 18562 | Lair:3   | Received a gift from Nemelex Xobeh
 19131 | Lair:4   | Noticed Nessos
 19147 | Lair:4   | Killed Nessos
 19417 | Lair:4   | Received a gift from Nemelex Xobeh
 20387 | Lair:5   | Received a gift from Nemelex Xobeh
 20494 | Lair:5   | Found a runed translucent door.
 20500 | Lair:5   | Noticed Riymurr's ghost (journeyman MfMo)
 20735 | Lair:6   | Entered Level 6 of the Lair of Beasts
 20956 | Lair:6   | Reached ****** piety under Nemelex Xobeh
 20956 | Lair:6   | Received a gift from Nemelex Xobeh
 21136 | Lair:6   | Reached XP level 14. HP: 127/127 MP: 19/19
 21497 | Lair:6   | Found a runed translucent door.
 21497 | Lair:6   | Found a viscous altar of Jiyva.
 21497 | Lair:6   | Noticed an acid blob
 21517 | Lair:6   | Found a staircase to the Slime Pits.
 21517 | Lair:6   | Noticed an acid blob
 21933 | Lair:6   | Received a gift from Nemelex Xobeh
 22204 | Lair:6   | Got a coiled marble ring
 22308 | Lair:6   | Identified the ring of Wufoluf {rN+ Str-3 Int+7 Dex+4} (You
                  | found it on level 6 of the Lair of Beasts)
 22577 | Orc:1    | Entered Level 1 of the Orcish Mines
 22658 | Orc:1    | Found Urridiug's Food Emporium.
 22983 | Orc:2    | Entered Level 2 of the Orcish Mines
 23016 | Orc:2    | Found Keimo's Antique Weapon Emporium.
 23289 | Orc:2    | Bought an ivory battleaxe for 310 gold pieces
 23289 | Orc:2    | Identified the +7 battleaxe of Ratitz {venom, MR++} (You
                  | bought it in a shop on level 2 of the Orcish Mines)
 23474 | Orc:2    | Received a gift from Nemelex Xobeh
 23626 | Orc:2    | Found a roughly hewn altar of Beogh.
 23626 | Orc:2    | Found a staircase to the Elven Halls.
 23812 | Orc:2    | Received a gift from Nemelex Xobeh
 23992 | Orc:1    | Received a gift from Nemelex Xobeh
 24488 | Orc:2    | Found Cuerhur's Distillery.
 24488 | Orc:2    | Found Fuyvoc's Antique Weapon Boutique.
 24537 | Orc:2    | Found a roughly hewn altar of Beogh.
 25026 | Orc:2    | Found Natt's Book Shoppe.
 25026 | Orc:2    | Found Karehaunt's Armour Boutique.
 25905 | D:13     | Reached skill level 15 in Fighting
 26687 | D:14     | Reached XP level 15. HP: 103/141 MP: 13/20
 26777 | D:14     | Reached skill level 15 in Armour
 27164 | D:14     | Found a gate to the Vaults.
 27165 | D:14     | Received a gift from Nemelex Xobeh
 27222 | D:15     | Entered Level 15 of the Dungeon
 27299 | D:15     | Found a staircase to the Depths.
 27300 | D:15     | Noticed a fire giant
 27369 | D:15     | Found a frozen archway.
 27491 | IceCv    | Entered an ice cave
 28238 | IceCv    | Noticed a frost giant
 28262 | IceCv    | Killed a frost giant
 28421 | IceCv    | Got a clouded wooden ring
 28435 | IceCv    | Identified a +2 pair of boots of running (You found it in
                  | an ice cave)
 28435 | IceCv    | Identified the ring of Yloa {Fire +Blink MR++ Str+4} (You
                  | found it in an ice cave)
 28480 | D:15     | Killed a fire giant
 28480 | D:15     | Reached skill level 10 in Dodging
 28665 | D:15     | Found a sacrificial altar of Ru.
 28725 | D:15     | Received a gift from Nemelex Xobeh
 29350 | D:15     | Found an opulent altar of Gozag.
 30100 | Swamp:1  | Entered Level 1 of the Swamp
 31054 | Swamp:1  | Received a gift from Nemelex Xobeh
 31105 | Swamp:1  | Noticed Frances
 31115 | Swamp:1  | Killed Frances
 31535 | Swamp:1  | Reached XP level 16. HP: 142/149 MP: 18/21
 31800 | Swamp:1  | Noticed a thorn hunter
 31887 | Swamp:1  | Killed a thorn hunter
 32511 | Swamp:2  | Received a gift from Nemelex Xobeh
 33771 | Swamp:3  | Reached skill level 15 in Dodging
 34199 | Swamp:3  | Noticed a thorn hunter
 34216 | Swamp:3  | Killed a thorn hunter
 34302 | Swamp:3  | Received a gift from Nemelex Xobeh
 34554 | Swamp:4  | Entered Level 4 of the Swamp
 34635 | Swamp:4  | Received a gift from Nemelex Xobeh
 34786 | Swamp:4  | Reached skill level 10 in Invocations
 35022 | Swamp:4  | Received a gift from Nemelex Xobeh
 35582 | Swamp:4  | Noticed a bone dragon
 35627 | Swamp:4  | Killed a bone dragon
 35737 | Swamp:4  | Got a decaying rune of Zot
 36385 | Elf:1    | Entered Level 1 of the Elven Halls
 36713 | Elf:1    | Reached XP level 17. HP: 100/156 MP: 15/25
 37355 | Elf:1    | Received a gift from Nemelex Xobeh
 37695 | Elf:1    | Found Gaorij's Food Emporium.
 37810 | Elf:1    | Received a gift from Nemelex Xobeh
 38117 | Elf:1    | Found a shimmering blue altar of Sif Muna.
 38903 | Elf:2    | Reached skill level 15 in Invocations
 39229 | Elf:2    | Found a runed translucent gate.
 39229 | Elf:2    | Found a runed translucent gate.
 39230 | Elf:2    | Found a runed translucent gate.
 39842 | Elf:2    | Noticed a deep elf blademaster
 39867 | Elf:2    | Killed a deep elf blademaster
 40438 | Elf:2    | Received a gift from Nemelex Xobeh
 40551 | Elf:2    | Reached XP level 18. HP: 111/168 MP: 24/28
 41249 | Depths:1 | Entered Level 1 of the Depths
 41249 | Depths:1 | Found a gateway to a ziggurat.
 42060 | Spider:1 | Entered Level 1 of the Spider Nest
 42718 | Spider:1 | Received a gift from Nemelex Xobeh
 43676 | Spider:2 | Noticed Arachne
 43704 | Spider:2 | Killed Arachne
 44246 | Spider:2 | Received a gift from Nemelex Xobeh
 44391 | Spider:2 | Learned a level 2 spell: Blink
 45233 | Spider:4 | Entered Level 4 of the Spider Nest
 45233 | Spider:4 | Received a gift from Nemelex Xobeh
 46060 | Spider:4 | Reached XP level 19. HP: 167/184 MP: 0/29
 46824 | Spider:4 | Got a gossamer rune of Zot
 47387 | Vaults:1 | Entered Level 1 of the Vaults
 47387 | Vaults:1 | Received a gift from Nemelex Xobeh
 47593 | Vaults:1 | Got a slimy ring mail
 47594 | Vaults:1 | Identified the +0 ring mail of the Hurricane {*Slow +Blink
                  | +Fly rPois} (You found it on level 1 of the Vaults)
 47705 | Vaults:1 | Found Ucur's Gadget Emporium.
 47743 | Vaults:1 | Received a gift from Nemelex Xobeh
 48642 | Vaults:1 | Received a gift from Nemelex Xobeh
 48685 | Vaults:1 | Got a pitted scale mail
 48686 | Vaults:1 | Identified the +6 scale mail "Gessy" {rPois MR+ Int-3} (You
                  | found it on level 1 of the Vaults)
 49231 | Vaults:2 | Paralysed by a sphinx for 3 turns
 49242 | Vaults:2 | Reached skill level 1 in Bows
 49507 | Vaults:2 | Reached skill level 5 in Bows
 50057 | Vaults:2 | Noticed Bai Suzhen
 50075 | Vaults:2 | Killed Bai Suzhen
 50259 | Vaults:2 | Paralysed by a great orb of eyes for 4 turns
 50555 | Vaults:2 | Reached XP level 20. HP: 179/193 MP: 27/30
 50664 | Vaults:2 | Reached skill level 10 in Bows
 50754 | Vaults:2 | Found a staircase to the Crypt.
 50754 | Vaults:2 | Found a basalt altar of Yredelemnul.
 50755 | Vaults:2 | Found an ancient bone altar of Kikubaaqudgha.
 51056 | Vaults:2 | Found Vumun's Antique Armour Emporium.
 51472 | Vaults:3 | Received a gift from Nemelex Xobeh
 52271 | Vaults:3 | Received a gift from Nemelex Xobeh
 54273 | Vaults:4 | Received a gift from Nemelex Xobeh
 54705 | Vaults:4 | Reached XP level 21. HP: 201/201 MP: 32/32
 54871 | Vaults:4 | Received a gift from Nemelex Xobeh
 55347 | Vaults:5 | Entered Level 5 of the Vaults
 55765 | Vaults:5 | Received a gift from Nemelex Xobeh
 56102 | Vaults:5 | Paralysed by a sphinx for 3 turns
 56110 | Vaults:5 | Killed from afar by a fire giant

Illustrated notes

Levels and vault maps discovered:
D:1:      tarquinn_simple_flora_water_a, layout_basic
D:2:      layout_loops_cross, overflow_temple_1_default, minmay_unequal
D:3:      layout_basic, minmay_misc_feat_rugged
D:4:      layout_loops_ring, lemuel_crystal_altar, dancing_weapons_uskayaw,
          kennysheep_mini_moat, minmay_temple_entry_overgrown
D:5:      lemuel_ice_spiral_2, layout_basic, nemelex_xobeh_ov_fountains_minmay,
          nicolae_overflow_hidden_temple, first_ration
D:6:      layout_gridville, old_standard_altar, yredelemnul_altar_generic,
          serial_shops, shop, minmay_fractal_squares_diagonal_5,
          uniq_prince_ribbit1
D:7:      layout_gridville, nicolae_ossuary_entry_catacombs,
          nicolae_dithmenos_shadow_blocks
D:8:      layout_rooms, uniq_maggie
D:9:      layout_loops_ring, tgw_trog, gammafunk_ghost_hive, serial_glass,
          glass_columns_c, glass_columns_c
D:10:     layout_long_grid, lair_entry_dummy, grunt_tengu_nest, uniq_nergalle
D:11:     layout_loops_corners
D:12:     layout_stronghold, erik_orc_1, serial_shops, shop_scrolls
D:13:     layout_basic
D:14:     layout_cross, david_vaults_2, minmay_misc_feat_enclosed
D:15:     grunt_enter_depths_giant_problem, layout_loops_ring,
          nicolae_ru_path_of_blood, portal_ice_cave_entry_animals_and_master,
          nicolae_gozag_seed_capital
Temple:   cyrus_temple_forest
Lair:1:   layout_regular_city, gammafunk_ghost_icy, lemuel_fruit_tree,
          uniq_fannar, uniq_grum, uniq_urug, uniq_erica
Lair:2:   layout_gridlike, nicolae_spider_entry_orb_guardian,
          serial_bayou_pond_c, grunt_forest_large_clearing_hut
Lair:3:   layout_long_grid, swamp_mist, uniq_gastronok
Lair:4:   layout_cave_pods, lemuel_fruit_fields, uniq_nessos
Lair:5:   layout_concentric_octagons, ebering_ghost_reflecting_pool
Lair:6:   gammafunk_lair_ancient_temple, layout_regular_city, slime_altar_2,
          st_stairs_12, minivault_26, chequers_serial_rivers_micro_c,
          infiniplex_staircase_pool
Swamp:1:  layout_basic_swamp, evilmike_swamp_ruin_house_4, swamp_pool1,
          hangedman_swamp_wriggling, uniq_frances
Swamp:2:  layout_basic_swamp, evilmike_swamp_ruin_house_1
Swamp:3:  layout_basic_swamp, serial_swamp_ruin, evilmike_swamp_ruin_rubble_2,
          hangedman_swamp_ruin_wall, evilmike_swamp_ruin_rubble_1
Swamp:4:  swamp_pestilence, layout_basic_swamp
Spider:1: layout_spider_delve
Spider:2: layout_spider_delve, nicolae_arachne_temple
Spider:3: layout_spider_delve, drop_trap, nicolae_spider_stair_cavern
Spider:4: grunt_spider_rune_parallel, special_room [special_room_bee], drop_trap
Orc:1:    layout_caves, serial_shops, shop
Orc:2:    st_orc_town, layout_caves, basic_altar, serial_shops, shop
Elf:1:    elf_arrival_001, layout_onion_city, serial_shops,
          nicolae_shop_behind_doors, evilmike_minifort, minivault_5,
          lemuel_statue_altar
Elf:2:    layout_geoelf_grid, dk_noncrumbling_4
Vaults:1: grunt_vaults_swirl, vaults_dpeg_hooks, nicolae_vaults_network_s,
          v_misc_15, v_pattern_5, grunt_vaults_diagonal, vaults_room_corners,
          nicolae_vaults_alarming, layout_vaults_omnigrid, serial_shops,
          nicolae_shop_statue_plus
Vaults:2: minmay_crypt_entry_necro_gods, grunt_vaults_twisty,
          hangedman_vaults_slither, v_misc_25, ontoclasm_vaults_pinch,
          nicolae_vaults_octagons, v_rooms_2, ontoclasm_vaults_eye,
          vaults_mumra_chevron, vaults_mumra_hexcomb, vaults_room_door_hall,
          nicolae_vaults_specimen_jars, ontoclasm_vaults_ligature,
          layout_vaults_ring, serial_shops, shop, uniq_bai_suzhen
Vaults:3: ontoclasm_vaults_ring_small, hangedman_vaults_river_flow,
          nicolae_vaults_what_the_h, hangedman_vaults_variations, v_pattern_2,
          v_misc_33, nicolae_vaults_network_star, vaults_dpeg_encased_lava,
          vaults_room_semicircle, nicolae_vaults_little_squares_5,
          nicolae_vaults_circle_grid_a, layout_vaults_omnicross
Vaults:4: v_misc_25, nicolae_vaults_angled_halls,
          nicolae_vaults_big_angled_halls, vaults_room_large_hall,
          vaults_room_ringed_pool, v_misc_29, nicolae_vaults_shelves_hall,
          nicolae_vaults_diagonal_hallway_8, v_alt_pattern_1, v_misc_27,
          v_misc_26, v_misc_26, vaults_mumra_hex, vaults_room_corners,
          vaults_room_semicircle, layout_vaults_omnibox
Vaults:5
Depths:1: lemuel_castle_with_subvaults [lemuel_castle_interior_carwin_1],
          layout_twisted_cross, enter_ziggurat_d, pf_hell_entry_tar_spiral,
          minmay_misc_feat_ornament, grunt_decor_mini_mirrors,
          chequers_serial_rivers_room_b, lightli_corner_chamber, uniq_nikola

Skill      XL: |  1  2  3  4  5  6  7  8  9 10 11 12 13 14 15 16 17 18 19 20 21 |
---------------+----------------------------------------------------------------+-----
Axes           | 4 5 6 7 9 12 15 16 18 20 | 20.0
Dodging        | 4 5 13 15 18 | 18.0
Armour         | 1 2 3 4 5 6 9 10 11 14 15 | 15.0
Fighting       | 3 4 5 6 10 12 15 16 19 20 | 20.0
Invocations    | 1 3 8 12 15 17 19 | 19.8
Bows           | 9 13 | 13.0
Throwing       | |  2.0

Action                   |  1- 3 |  4- 6 |  7- 9 | 10-12 | 13-15 | 16-18 | 19-21 || total
-------------------------+-------+-------+-------+-------+-------+-------+-------++-------
Melee: War axe           |    75 |   144 |   336 |   542 |    34 |    11 |       ||  1142
       Headbutt          |     7 |    25 |    67 |   153 |   298 |   385 |   466 ||  1401
       Battleaxe         |       |       |       |    95 |  1050 |  1233 |  1300 ||  3678
Throw: Throwing net      |       |     1 |     1 |     1 |       |       |       ||     3
Invok: Draw Destruction  |       |       |     2 |    11 |    22 |     1 |       ||    36
       Draw Summoning    |       |       |     1 |     5 |       |       |       ||     6
       Triple Draw       |       |       |       |       |     1 |     7 |     2 ||    10
       Draw Escape       |       |       |       |       |     1 |     1 |       ||     2
Evoke: Wand              |       |       |     4 |       |     3 |       |       ||     7
  Use: Scroll            |     1 |     1 |     7 |    17 |    12 |    11 |     5 ||    54
       Potion            |       |       |       |     4 |     3 |    10 |     4 ||    21
 Stab: Sleeping          |     1 |       |       |       |       |       |       ||     1
       Held in net/web   |       |     2 |     1 |     1 |       |       |       ||     4
       Distracted        |       |       |       |     1 |       |     1 |     2 ||     4
       Confused          |       |       |       |     1 |       |       |       ||     1
       Invisible         |       |       |       |       |     4 |       |       ||     4
       Paralysed         |       |       |       |       |     1 |       |       ||     1
  Eat: Chunk             |     2 |     8 |     9 |    17 |    28 |    20 |    21 ||   105
       Ration            |       |       |     3 |     3 |     5 |     7 |     3 ||    21
Armor: Leather armour    |    11 |       |       |       |       |       |       ||    11
       Chain mail        |       |    83 |   108 |    50 |       |       |    77 ||   318
       Plate armour      |       |       |       |   173 |   400 |   183 |       ||   756
       Swamp dragon scal |       |       |       |       |       |   200 |    32 ||   232
       Storm dragon scal |       |       |       |       |       |       |   323 ||   323
Dodge: Dodged            |    68 |    54 |   120 |   345 |   635 |  1302 |  1322 ||  3846
Block: Other             |       |    15 |    14 |       |       |       |       ||    29
       Reflection        |       |       |     2 |       |       |       |       ||     2
